 Dungeon Crawl Stone Soup version 0.21.1-1-g345015f (webtiles) character file.

380 letownia2 the Digger (level 6, -5/32 HPs)
             Began as a Gargoyle Earth Elementalist on Feb 14, 2018.
             Was an Initiate of Vehumet.
             Slain by an iguana (11 damage)
             ... on level 6 of the Dungeon.
             The game lasted 00:07:29 (1278 turns).

letownia2 the Digger (Gargoyle Earth Elementalist)  Turns: 1278, Time: 00:07:29

Health: -5/32      AC:  7    Str: 12    XL:     6   Next: 75%
Magic:  4/11       EV: 11    Int: 17    God:    Vehumet [......]
Gold:   116        SH:  0    Dex: 10    Spells: 8/12 levels left

rFire    + . .     SeeInvis .   a - +2 rapier (venom)
rCold    + . .     Gourm    +   (no shield)
rNeg     + . .     Faith    .   w - +0 leather armour
rPois    ∞         Spirit   .   (no helmet)
rElec    +         Reflect  .   u - scarf {rC+ rF+}
rCorr    .         Harm     .   (no gloves)
MR       .....                  (no boots)
Stlth    ++........             t - amulet of the gourmand
HPRegen  0.10/turn              (no ring)
MPRegen  0.12/turn              (no ring)

@: very slightly contaminated
A: negative energy resistance 1, electricity resistance, unbreathing,
petrification resistance, rot immunity, AC +4
a: Renounce Religion


You were on level 6 of the Dungeon.
You worshipped Vehumet.
Vehumet was noncommittal.
You were not hungry.

You visited 2 branches of the dungeon, and saw 7 of its levels.

You collected 116 gold pieces.

Inventory:

Hand Weapons
 a - a +2 rapier of venom (weapon)
 n - a +0 dagger
 z - a +0 quarterstaff
 C - a +0 spear
Missiles
 b - 27 stones (quivered)
 o - a throwing net
Armour
 c - a +0 robe
 i - a +0 ring mail
 u - a scarf of resistance (worn)
 w - a +0 leather armour (worn)
Jewellery
 t - an amulet of the gourmand (around neck)
Wands
 s - a wand of scattershot (3)
Scrolls
 f - 3 scrolls of enchant armour {unknown}
 h - a scroll of fog {unknown}
 j - 2 scrolls of teleportation {unknown}
 l - 5 scrolls of identify {unknown}
 p - a scroll of blinking {unknown}
 r - 2 scrolls of remove curse {unknown}
 v - a scroll of amnesia {unknown}
 y - 2 scrolls of enchant weapon {unknown}
Potions
 g - 3 potions of curing {unknown}
 k - a potion of cancellation {unknown}
 m - a potion of heal wounds {unknown}
 q - a potion of degeneration {unknown}
 x - a potion of mutation {unknown}
 A - a potion of lignification {unknown}
Books
 e - a book of Geomancy

   Spells                             Type                      Level
   a - Sandblast                      Earth                        1
   b - Passwall                       Transmutation/Earth          2
   c - Stone Arrow                    Conjuration/Earth            3
   d - Petrify                        Transmutation/Earth          4
   e - Lee's Rapid Deconstruction     Earth                        5
Comestibles
 d - 7 rations


   Skills:
 - Level 1.5 Dodging
 - Level 2.1 Stealth
 + Level 3.8 Spellcasting
 + Level 3.7 Conjurations
   Level 0.7 Transmutations
 - Level 6.2 Earth Magic


You had 8 spell levels left.
You knew the following spells:

 Your Spells              Type           Power        Failure   Level  Hunger
a - Sandblast             Erth           ###...       1%          1    None
d - Stone Arrow           Conj/Erth      ###...       8%          3    ###....


Dungeon Overview and Level Annotations

Branches:
Dungeon (6/15)             Temple (1/1) D:4

Altars:
Dithmenos
Elyvilon
Fedhas
Makhleb
Sif Muna
Vehumet
Wu Jian
Xom


Innate Abilities, Weirdness & Mutations

You are resistant to torment.
Your stone body is resilient. (AC +4)
You are immune to poison.
You resist negative energy. (rN+)
You are resistant to electric shocks. (rElec)
You can survive without breathing.
You are immune to petrification.
You are immune to rotting.


Message History

Unknown command.
Casting: Stone Arrow
Confirm with . or Enter, or press ? or * to list all spells.
Aiming: Stone Arrow
Press: ? - help, Shift-Dir - straight line, f/p - iguana
Aim: an iguana You miscast Stone Arrow.
Nothing appears to happen.
The iguana bites you!
* * * LOW HITPOINT WARNING * * *
Unknown command.
Unknown command.
Casting: Stone Arrow
Confirm with . or Enter, or press ? or * to list all spells.
Aiming: Sandblast
Press: ? - help, Shift-Dir - straight line, f/p - iguana
Aim: an iguana The blast of sand hits the iguana.
The iguana is moderately wounded.
b - 27 stones The iguana bites you!
You die...

# #
#.#######.#
#...<.....#
#.#....##.#
#.#..#.#
#.#.##.#
#......#
####.#####.
#.l@.......#
#.###.#.##.#
.. ..... ...
.#.### ###
..... #. .##
....


You could see an iguana.

Vanquished Creatures
  Eustachio (D:5)
  2 scorpions
  Jessica (D:2)
  2 worker ants (D:5)
  2 adders
  An ooze (D:4)
  A worm (D:3)
  A dart slug (D:4)
  An orc (D:6)
  2 bats
  3 goblins
  5 hobgoblins
  5 jackals
  3 quokkas
  5 frilled lizards
  A jackal skeleton (D:5)
36 creatures vanquished.

Notes
Turn   | Place    | Note
-------+----------+-------------------------------------------
     0 | D:1      | letownia2 the Gargoyle Earth Elementalist began the quest for the Orb.
     0 | D:1      | Reached XP level 1. HP: 10/10 MP: 3/3
   157 | D:2      | Reached skill level 4 in Earth Magic
   185 | D:2      | Noticed Jessica
   198 | D:2      | Killed Jessica
   198 | D:2      | Reached skill level 5 in Earth Magic
   198 | D:2      | Reached XP level 2. HP: 1/15 MP: 0/5
   198 | D:2      | Reached XP level 3. HP: 2/19 MP: 0/6
   383 | D:3      | Learned a level 3 spell: Stone Arrow
   505 | D:3      | Reached XP level 4. HP: 19/24 MP: 7/7
   756 | D:4      | Found a staircase to the Ecumenical Temple.
   767 | Temple   | Entered the Ecumenical Temple
   773 | Temple   | Became a worshipper of Vehumet
   852 | D:4      | Noticed a phantom
   857 | D:4      | Reached skill level 1 in Conjurations
   857 | D:4      | Reached skill level 6 in Earth Magic
   857 | D:4      | Reached XP level 5. HP: 28/28 MP: 1/8
   878 | D:5      | Entered Level 5 of the Dungeon
  1068 | D:5      | Noticed Eustachio
  1116 | D:5      | Killed Eustachio
  1116 | D:5      | Reached XP level 6. HP: 10/32 MP: 0/11
  1278 | D:6      | Slain by an iguana

Skill      XL: |  1  2  3  4  5 |
---------------+----------------+-----
Earth Magic    | 5 6 |  6.2
Conjurations   | 1 3 |  3.7
Spellcasting   | 3 |  3.8
Dodging        | |  1.5
Stealth        | |  2.1
Transmutations | |  0.7

Action                   |  1- 3 |  4- 6 || total
-------------------------+-------+-------++-------
Melee: Spear             |    20 |    37 ||    57
       Quarterstaff      |       |    41 ||    41
       Rapier            |       |    10 ||    10
 Cast: Sandblast         |    18 |    23 ||    41
       Stone Arrow       |       |     2 ||     2
 Stab: Sleeping          |     3 |     1 ||     4
  Eat: Chunk             |       |     5 ||     5
Armor: Robe              |     6 |       ||     6
       Leather armour    |       |    54 ||    54
Dodge: Dodged            |    11 |    72 ||    83
